 Dungeon Crawl Stone Soup version 0.22-a0-443-g17c3723 (webtiles) character file.

2510 Gorglomux the Chopper (level 9, -5/56 HPs)
             Began as a Gargoyle Fighter on June 1, 2018.
             Was a Believer of Okawaru.
             Slain by dududu's ghost (12 damage)
             ... on level 8 of the Dungeon.
             The game lasted 00:05:39 (5868 turns).

Gorglomux the Chopper (Gargoyle Fighter)            Turns: 5868, Time: 00:05:40

Health: -5/56      AC: 14    Str: 23    XL:     9   Next: 53%
Magic:  9/9        EV:  8    Int:  9    God:    Okawaru [**....]
Gold:   92         SH: 10    Dex:  9    Spells: 8/8 levels left

rFire    . . .     SeeInvis .   a - +0 war axe
rCold    . . .     Gourm    .   c - +0 shield
rNeg     + . .     Faith    .   b - +0 scale mail
rPois    ∞         Spirit   .   (no helmet)
rElec    +         Reflect  .   (no cloak)
rCorr    .         Harm     .   (no gloves)
MR       .....                  (no boots)
Stlth    ..........             (no amulet)
HPRegen  0.18/turn              (no ring)
MPRegen  0.11/turn              (no ring)

@: no status effects
A: negative energy resistance 1, electricity resistance, unbreathing,
petrification resistance, rot immunity, AC +6
a: Heroism, Renounce Religion


You were on level 8 of the Dungeon.
You worshipped Okawaru.
Okawaru was pleased with you.
You were hungry.

You visited 2 branches of the dungeon, and saw 9 of its levels.

You collected 92 gold pieces.

Inventory:

Hand Weapons
 a - a +0 war axe (weapon)
Armour
 b - a +0 scale mail (worn)
 c - a +0 shield (worn)
Scrolls
 g - 3 scrolls of fog
 k - 5 scrolls of remove curse
 m - 3 scrolls of amnesia {unknown}
 n - 4 scrolls of identify {unknown}
 o - 3 scrolls of enchant armour {unknown}
 S - 5 scrolls of teleportation {unknown}
 U - a scroll of random uselessness {unknown}
 X - a scroll of torment {unknown}
 Y - a scroll of enchant weapon {unknown}
Potions
 d - a potion of might
 j - a potion of agility {unknown}
 p - 2 potions of invisibility {unknown}
 N - a potion of haste {unknown}
 O - a potion of cancellation {unknown}
 P - a potion of resistance
 Q - 2 potions of curing
 R - a potion of lignification {unknown}
 T - a potion of brilliance {unknown}
 W - a potion of degeneration {unknown}
Comestibles
 f - 8 rations
 V - 6 chunks of flesh


   Skills:
 + Level 6.8 Fighting
 + Level 7.8 Axes
 + Level 6.8 Armour
 + Level 6.8 Shields


You had 8 spell levels left.
You didn't know any spells.
Your spell library contained the following spells:

 Spells                   Type           Power        Failure   Level  Hunger
 Animate Dead             Necr           N/A          100%        4    #####..
 Pain                     Necr           #...         95%         1    ##.....
 Animate Skeleton         Necr           N/A          95%         1    ##.....
 Vampiric Draining        Necr           #.........   100%        3    ####...
 Regeneration             Chrm/Necr      #.........   100%        3    ####...


Dungeon Overview and Level Annotations

Branches:
Dungeon (8/15)             Temple (1/1) D:5
   Lair: D:8-11

Altars:
Ashenzari
Cheibriados
Dithmenos
Elyvilon
Fedhas
Gozag
Hepliaklqana
Kikubaaqudgha
Makhleb
Nemelex Xobeh
Okawaru
Qazlal
Ru
Sif Muna
Trog
Uskayaw
Vehumet
Wu Jian
Xom
Yredelemnul
Zin

Annotations:
D:8 Maurice; dududu's ghost, novice DsGl


Innate Abilities, Weirdness & Mutations

You are resistant to torment.
Your stone body is resilient. (AC +6)
You are immune to poison.
You resist negative energy. (rN+)
You are resistant to electric shocks. (rElec)
You can survive without breathing.
You are immune to petrification.
You are immune to rotting.


Message History

You block dududu's ghost's attack! Something hits you but does no damage!
You closely miss something!
You open dududu's butt like a pillowcase!
You block dududu's ghost's attack! Something hits you! * * * don't die
* * * Butt steals your throwing net!!!
You closely miss something!
You slice dududu's ghost butt do no damage!
You block dududu's ghost's attack! Something hits you but butts no damage!
You closely miss something! You closely miss dududu's ghost!
Dududu's ghost hits you!!! * * * don't die
* * * Something hits you but does no damage!
You miss something! You miss dududu's ghost! Dududu's ghost barely misses you!
You block something's attack!
Dududu's ghost butts you but does no damage!
You barely miss something!
Butt closely miss dududu's ghost!
You hear some strange, mumbled words!
Dududu's ghost hits you!!! rip

#######.#####.# ...# #.#
##.## #.# .< #.# ##. #.#
## #.# #.# #W# #@# #.#
#{# #.# #.# #.# #.# #.#
#.# #.######
#.###.#....#
########.......#
#........(.#...#
#########.########.#...#


You could see dududu's ghost.

Vanquished Creatures
  Psyche (D:8)
  A sky beast (D:5)
  3 orc warriors
  A phantom (D:5)
  2 ogres
  6 bullfrogs
  A water moccasin zombie (D:6)
  2 scorpions (D:7)
  A howler monkey (D:6)
  A bullfrog zombie (D:8)
  4 crimson imps
  A centaur zombie (D:6)
  An orc priest (D:6)
  A bullfrog skeleton (D:4)
  7 hounds
  2 centaur skeletons
  An iguana (D:6)
  5 orc wizards
  4 worker ants
  A hound skeleton (D:8)
  A worker ant zombie (D:6)
  A gnoll (D:4)
  8 adders
  A howler monkey skeleton (D:4)
  2 oozes (D:1)
  2 adder zombies
  An adder skeleton (D:4)
  A worm (D:2)
  A dart slug (D:4)
  5 leopard geckos
  14 orcs
  7 giant cockroaches
  11 goblins
  3 hobgoblins
  2 jackals (D:8)
  2 quokkas
  8 bats
  6 frilled lizards
  10 kobolds
  A leopard gecko skeleton (D:5)
  9 rats
142 creatures vanquished.

Notes
Turn   | Place    | Note
-------+----------+-------------------------------------------
     0 | D:1      | Gorglomux the Gargoyle Fighter began the quest for the Orb.
     0 | D:1      | Reached XP level 1. HP: 14/14 MP: 1/1
    54 | D:1      | Reached skill level 2 in Axes
    83 | D:1      | Reached XP level 2. HP: 19/19 MP: 2/2
   526 | D:1      | Reached skill level 3 in Axes
   526 | D:1      | Reached XP level 3. HP: 16/23 MP: 3/3
   653 | D:2      | Found a hide-covered altar of Uskayaw.
   656 | D:2      | Found an ancient bone altar of Kikubaaqudgha.
   657 | D:2      | Found a blossoming altar of Fedhas.
   657 | D:2      | Found a shadowy altar of Dithmenos.
  1102 | D:3      | Reached XP level 4. HP: 18/28 MP: 4/4
  1164 | D:3      | Reached skill level 4 in Axes
  1354 | D:4      | Reached XP level 5. HP: 11/32 MP: 5/5
  1550 | D:4      | Reached skill level 5 in Axes
  1806 | D:4      | Reached XP level 6. HP: 32/37 MP: 6/6
  1908 | D:4      | Reached skill level 6 in Axes
  1944 | D:5      | Entered Level 5 of the Dungeon
  2139 | D:5      | Found a staircase to the Ecumenical Temple.
  2189 | D:5      | Noticed a sky beast
  2208 | D:5      | Reached XP level 7. HP: 19/42 MP: 7/7
  2267 | Temple   | Entered the Ecumenical Temple
  2450 | Temple   | Became a worshipper of Warmaster Okawaru
  3012 | D:6      | Reached XP level 8. HP: 10/48 MP: 8/8
  3199 | D:6      | Reached * piety under Okawaru
  3489 | D:6      | Reached skill level 7 in Axes
  4470 | D:7      | Reached skill level 6 in Fighting
  4470 | D:7      | Reached skill level 6 in Armour
  4470 | D:7      | Reached skill level 6 in Shields
  4470 | D:7      | Reached XP level 9. HP: 49/55 MP: 7/9
  5206 | D:8      | Noticed dududu's ghost (novice DsGl)
  5218 | D:8      | Noticed Maurice
  5218 | D:8      | Paralysed by Maurice for 2 turns
  5227 | D:8      | Paralysed by something for 7 turns
  5235 | D:8      | Paralysed by something for 2 turns
  5264 | D:8      | Paralysed by Maurice for 5 turns
  5280 | D:8      | Paralysed by Maurice for 4 turns
  5290 | D:8      | Paralysed by something for 7 turns
  5492 | D:8      | Noticed Psyche
  5501 | D:8      | Killed Psyche
  5501 | D:8      | Reached ** piety under Okawaru
  5567 | D:8      | Found a shimmering altar of Xom.
  5868 | D:8      | Slain by dududu's ghost

Vault maps used:
D:1:      saegor_arrival_miasma
D:2:      grunt_temple_overflow_open, first_ration, supply_closet_lemuel,
          patterned_corridor
D:3:      grunt_ministairs_14
D:4:      fountainhead, hangedman_decor_clover_reticule, cheibrodos_gnoll_hut
D:5:      minmay_temple_entry_fiery
D:8:      basic_altar, uniq_maurice, uniq_psyche
Temple:   dpeg_five_rooms_temple

Skill      XL: |  1  2  3  4  5  6  7  8 |
---------------+-------------------------+-----
Axes           | 2 3 4 5 6 7 |  7.8
Fighting       | 4 6 |  6.8
Armour         | 4 6 |  6.8
Shields        | 4 6 |  6.8

Action                   |  1- 3 |  4- 6 |  7- 9 || total
-------------------------+-------+-------+-------++-------
Melee: War axe           |   153 |   208 |   441 ||   802
Invok: Heroism           |       |       |     8 ||     8
  Use: Potion            |       |     1 |     1 ||     2
       Scroll            |       |       |     2 ||     2
  Eat: Chunk             |     1 |     4 |    12 ||    17
Armor: Scale mail        |   102 |   131 |   228 ||   461
Dodge: Dodged            |    69 |    85 |   103 ||   257
Block: Shield            |   113 |   117 |   214 ||   444

Table legend:
 A = Spawn XP
 B = Non-spawn XP
 C = Spawn XP percentage of total XP
 D = Spawn monster count
 E = Non-spawn monster count
 F = Spawn count percentage of total count
 G = Total turns spent on level
                    A         B        C        D         E        F      G
               +---------+---------+-------+---------+---------+-------+---------
         Total |       0 |    3587 |   0.0 |       0 |     142 |   0.0 |  5868
               +---------+---------+-------+---------+---------+-------+---------
           D:1 |       0 |      40 |   0.0 |       0 |      18 |   0.0 |   646
           D:2 |       0 |      29 |   0.0 |       0 |      17 |   0.0 |   380
           D:3 |       0 |      48 |   0.0 |       0 |      21 |   0.0 |   300
           D:4 |       0 |     315 |   0.0 |       0 |      21 |   0.0 |   618
           D:5 |       0 |     630 |   0.0 |       0 |      14 |   0.0 |   774
           D:6 |       0 |    1043 |   0.0 |       0 |      25 |   0.0 |  1339
           D:7 |       0 |     645 |   0.0 |       0 |      13 |   0.0 |   840
           D:8 |       0 |     837 |   0.0 |       0 |      13 |   0.0 |   737
               +---------+---------+-------+---------+---------+-------+---------
